3368 views
Uploaded 2020-04-23 05:57:49
Game version 1.32.3
11:24 long 2on2 ladder game on (6)GnollWood
Saved by zebroni
3368 views
Uploaded 2020-04-23 05:57:49
Game version 1.32.3
11:24 long 2on2 ladder game on (6)GnollWood
50 units @ 6.2k
/ 0.5k
22 buildings @ 3.6k
/ 1.3k


| Healing Salve | 3 | 300 |
| Lesser Clarity Potion | 2 | 140 |
| Scroll of Speed | 1 | 50 |
| Scroll of Town Portal | 1 | 350 |
| Circlet of Nobility | 1 | 175 |
| Boots of Speed | 1 | 250 |
| total: | 9 | 1265g |
| Peon | 10 | 750 | / | 0 |
| Troll Headhunter | 10 | 1400 | / | 200 |
| Shaman | 1 | 130 | / | 20 |
| total: | 21 | 2280g | / | 220w |
| Altar of Storms | 1 | 180 | / | 50 |
| Orc Burrow | 4 | 640 | / | 160 |
| Voodoo Lounge | 1 | 130 | / | 30 |
| War Mill | 1 | 205 | / | 0 |
| Barracks | 1 | 180 | / | 50 |
| Spirit Lodge | 1 | 150 | / | 150 |
| Stronghold | 1 | 315 | / | 190 |
| Fortress | 1 | 325 | / | 190 |
| total: | 9 | 1485g | / | 440w |
| 0:03 | Altar of Storms |
| 0:05 | Peon |
| 0:05 | Peon |
| 0:21 | Orc Burrow |
| 0:33 | Peon |
| 0:45 | Peon |
| 0:46 | Peon |
| 1:05 | Voodoo Lounge |
| 1:16 | Peon |
| 1:17 | Peon |
| 1:31 | War Mill |
| 1:42 | Barracks |
| 1:52 | Peon |
| 2:06 | Peon |
| 2:11 | Healing Salve |
| 2:21 | Wind Walk |
| 2:27 | Peon |
| 2:46 | Stronghold |
| 3:04 | Orc Burrow |
| 3:54 | Troll Headhunter |
| 4:03 | Circlet of Nobility |
| 4:04 | Boots of Speed |
| 4:39 | Troll Headhunter |
| 4:43 | Healing Salve |
| 4:44 | Lesser Clarity Potion |
| 4:51 | Orc Burrow |
| 5:22 | Critical Strike |
| 6:07 | Troll Headhunter |
| 6:07 | Troll Regeneration |
| 6:59 | Fortress |
| 6:59 | Troll Headhunter |
| 6:59 | Troll Headhunter |
| 7:02 | Spirit Lodge |
| 7:18 | Troll Headhunter |
| 7:29 | Orc Burrow |
| 7:48 | Troll Headhunter |
| 8:00 | Hex |
| 8:23 | Shaman Adept Training |
| 8:24 | Troll Headhunter |
| 9:07 | Troll Headhunter |
| 9:08 | Troll Headhunter |
| 9:42 | Shaman Master Training |
| 9:43 | Shaman |
| 9:44 | Healing Salve |
| 9:45 | Lesser Clarity Potion |
| 9:54 | Berserker Upgrade |
| 10:21 | Scroll of Town Portal |
| 10:24 | Scroll of Speed |
| 10:47 | Wind Walk |

| Lesser Clarity Potion | 1 | 70 |
| Potion of Mana | 1 | 200 |
| total: | 2 | 270g |
| Wisp | 13 | 780 | / | 0 |
| Huntress | 16 | 3120 | / | 320 |
| total: | 29 | 3900g | / | 320w |
| Altar of Elders | 1 | 180 | / | 50 |
| Moon Well | 5 | 900 | / | 200 |
| Ancient of War | 2 | 300 | / | 120 |
| Hunter's Hall | 1 | 210 | / | 100 |
| Ancient of Wonders | 2 | 180 | / | 60 |
| Ancient of Lore | 2 | 310 | / | 290 |
| Tree of Ages | 1 | 320 | / | 180 |
| total: | 13 | 2080g | / | 820w |
| 0:09 | Wisp |
| 0:09 | Wisp |
| 0:15 | Altar of Elders |
| 0:25 | Moon Well |
| 0:26 | Wisp |
| 0:26 | Wisp |
| 0:33 | Wisp |
| 0:41 | Wisp |
| 0:41 | Wisp |
| 1:04 | Wisp |
| 1:40 | Wisp |
| 1:40 | Wisp |
| 1:56 | Wisp |
| 2:02 | Ancient of War |
| 2:06 | Hunter's Hall |
| 2:16 | Moon Well |
| 2:20 | Entangling Roots |
| 2:24 | Wisp |
| 2:32 | Ancient of War |
| 3:09 | Moon Well |
| 3:15 | Huntress |
| 3:20 | Wisp |
| 3:21 | Ultravision |
| 3:43 | Huntress |
| 3:51 | Huntress |
| 4:12 | Huntress |
| 4:31 | Huntress |
| 4:31 | Huntress |
| 4:48 | Moon Well |
| 5:19 | Huntress |
| 5:19 | Huntress |
| 5:35 | Force of Nature |
| 5:56 | Huntress |
| 6:18 | Ancient of Wonders |
| 6:45 | Huntress |
| 7:15 | Tree of Ages |
| 7:33 | Ancient of Wonders |
| 7:41 | Huntress |
| 7:45 | Moon Well |
| 8:09 | Huntress |
| 8:31 | Huntress |
| 8:57 | Huntress |
| 9:31 | Entangling Roots |
| 9:42 | Ancient of Lore |
| 9:44 | Ancient of Lore |
| 10:01 | Lesser Clarity Potion |
| 10:44 | Huntress |
| 10:44 | Huntress |
| 11:03 | Potion of Mana |
52 units @ 6.6k
/ 1.1k
21 buildings @ 3.4k
/ 1.4k


| Dust of Appearance | 1 | 75 |
| Boots of Speed | 1 | 250 |
| total: | 2 | 325g |
| Wisp | 10 | 600 | / | 0 |
| Archer | 4 | 520 | / | 40 |
| Huntress | 2 | 390 | / | 40 |
| Dryad | 5 | 725 | / | 300 |
| Druid of the Claw | 2 | 510 | / | 160 |
| Forest Troll Shadow Priest | 1 | 195 | / | 10 |
| Forest Troll Berserker | 1 | 245 | / | 30 |
| total: | 25 | 3185g | / | 580w |
| Altar of Elders | 1 | 180 | / | 50 |
| Moon Well | 4 | 720 | / | 160 |
| Ancient of War | 1 | 150 | / | 60 |
| Hunter's Hall | 1 | 210 | / | 100 |
| Ancient of Wonders | 2 | 180 | / | 60 |
| Ancient of Lore | 2 | 310 | / | 290 |
| Tree of Ages | 1 | 320 | / | 180 |
| Tree of Eternity | 1 | 330 | / | 200 |
| total: | 11 | 1750g | / | 720w |
| 0:03 | Wisp |
| 0:03 | Wisp |
| 0:04 | Wisp |
| 0:11 | Altar of Elders |
| 0:18 | Moon Well |
| 0:19 | Wisp |
| 0:37 | Wisp |
| 0:54 | Ancient of War |
| 0:55 | Wisp |
| 0:59 | Wisp |
| 1:10 | Wisp |
| 1:18 | Wisp |
| 1:30 | Moon Well |
| 2:00 | Archer |
| 2:20 | Archer |
| 2:26 | Wisp |
| 2:27 | Hunter's Hall |
| 2:41 | Archer |
| 2:56 | Archer |
| 3:09 | Mana Burn |
| 3:35 | Dust of Appearance |
| 3:44 | Strength of the Moon |
| 3:46 | Tree of Ages |
| 3:51 | Huntress |
| 4:10 | Boots of Speed |
| 4:38 | Evasion |
| 4:44 | Improved Strength of the Moon |
| 5:16 | Moon Well |
| 5:17 | Moon Well |
| 6:07 | Ancient of Wonders |
| 6:13 | Ancient of Wonders |
| 6:17 | Ancient of Lore |
| 6:19 | Ancient of Lore |
| 6:32 | Forest Troll Shadow Priest |
| 6:42 | Forest Troll Berserker |
| 7:14 | Summon Quilbeast |
| 7:32 | Dryad |
| 7:32 | Dryad |
| 7:54 | Dryad |
| 8:25 | Dryad |
| 9:45 | Mana Burn |
| 9:50 | Backpack |
| 9:52 | Tree of Eternity |
| 9:53 | Druid of the Claw Adept Training |
| 9:55 | Druid of the Claw |
| 10:14 | Summon Bear |
| 10:25 | Dryad |
| 11:15 | Summon Quilbeast |
| 11:22 | Huntress |
| 11:22 | Druid of the Claw |


| Potion of Healing | 1 | 150 |
| Dust of Appearance | 1 | 75 |
| total: | 2 | 225g |
| Wisp | 12 | 720 | / | 0 |
| Archer | 5 | 650 | / | 50 |
| Huntress | 6 | 1170 | / | 120 |
| Dryad | 2 | 290 | / | 120 |
| Mountain Giant | 1 | 350 | / | 100 |
| Druid of the Claw | 1 | 255 | / | 80 |
| total: | 27 | 3435g | / | 470w |
| Altar of Elders | 1 | 180 | / | 50 |
| Moon Well | 4 | 720 | / | 160 |
| Ancient of War | 1 | 150 | / | 60 |
| Ancient of Wonders | 1 | 90 | / | 30 |
| Hunter's Hall | 1 | 210 | / | 100 |
| Ancient of Lore | 2 | 310 | / | 290 |
| Tree of Ages | 2 | 640 | / | 360 |
| Tree of Eternity | 1 | 330 | / | 200 |
| total: | 10 | 1660g | / | 690w |
| 0:01 | Wisp |
| 0:01 | Wisp |
| 0:07 | Altar of Elders |
| 0:16 | Moon Well |
| 0:28 | Wisp |
| 0:33 | Ancient of War |
| 0:39 | Wisp |
| 0:45 | Wisp |
| 0:59 | Wisp |
| 1:00 | Wisp |
| 1:27 | Wisp |
| 1:33 | Archer |
| 1:40 | Moon Well |
| 1:47 | Archer |
| 1:56 | Ancient of Wonders |
| 2:26 | Wisp |
| 2:33 | Hunter's Hall |
| 2:36 | Archer |
| 2:38 | Entangling Roots |
| 2:59 | Archer |
| 3:01 | Wisp |
| 3:37 | Archer |
| 3:43 | Moon Well |
| 3:47 | Huntress |
| 4:12 | Huntress |
| 4:27 | Tree of Ages |
| 4:46 | Huntress |
| 5:09 | Moon Well |
| 5:19 | Force of Nature |
| 5:29 | Huntress |
| 6:10 | Huntress |
| 6:40 | Dust of Appearance |
| 7:09 | Frost Arrows |
| 7:17 | Ancient of Lore |
| 7:21 | Ancient of Lore |
| 7:22 | Wisp |
| 7:22 | Wisp |
| 7:58 | Tree of Eternity |
| 8:26 | Huntress |
| 9:04 | Dryad |
| 9:26 | Potion of Healing |
| 9:34 | Dryad |
| 9:35 | Abolish Magic |
| 10:07 | Mountain Giant |
| 10:26 | Force of Nature |
| 10:53 | Forked Lightning |
| 11:21 | Druid of the Claw Adept Training |
| 11:21 | Druid of the Claw |
⇛